 Dungeon Crawl Stone Soup version 0.23.2 (webtiles) character file.

Game seed: 13924640620921013116

570 poirepourri the Magician (level 7, 0/46 HPs)
             Began as a Mummy Conjurer on Apr 5, 2019.
             Shot with an arrow by a centaur (10 damage)
             ... on level 5 of the Dungeon.
             The game lasted 00:04:38 (4581 turns).

poirepourri the Magician (Mummy Conjurer)           Turns: 4581, Time: 00:04:38

Health: 0/46       AC:  3    Str: 11    XL:     7   Next: 11%
Magic:  11/26      EV: 11    Int: 16    God:
Gold:   181        SH:  0    Dex: 13    Spells: 6/20 levels left

rFire    x . .     SeeInvis .   h - +0 falchion (drain)
rCold    + + .     Gourm    .   (no shield)
rNeg     + + +     Faith    .   j - +0 leather armour {rPois}
rPois    ∞         Spirit   .   (no helmet)
rElec    .         Reflect  .   (no cloak)
rCorr    .         Harm     .   (no gloves)
MR       .....                  (no boots)
Stlth    ++........             (no amulet)
HPRegen  0.15/turn              c - ring of magical power (curse)
MPRegen  0.20/turn              f - ring of protection from cold

@: no status effects
A: no food or potions, fire vulnerability, cold resistance 1, negative energy
resistance 3, torment resistance, unbreathing
a: no special abilities


You were on level 5 of the Dungeon.
You were not hungry.

You visited 1 branch of the dungeon, and saw 5 of its levels.

You collected 181 gold pieces.

Inventory:

Hand Weapons
 b - a +1 short sword
 h - a +0 falchion of draining (weapon)
Armour
 j - a +0 leather armour of poison resistance (worn)
Jewellery
 c - a cursed ring of magical power (left hand)
 f - a ring of protection from cold (right hand)
Wands
 g - a wand of enslavement (13)
Scrolls
 a - 5 scrolls of identify
 e - 4 scrolls of teleportation
 i - 2 scrolls of amnesia


   Skills:
 - Level 1.5 Dodging
 - Level 1.5 Stealth
 - Level 7.4 Spellcasting
 + Level 5.3 Conjurations


You had 6 spell levels left.
You knew the following spells:

 Your Spells              Type           Power        Failure   Level  Hunger
a - Magic Dart            Conj           ###.         1%          1    N/A
b - Searing Ray           Conj           ###...       2%          2    N/A
c - Dazzling Spray        Conj/Hex       ##....       16%         3    N/A
d - Iskenderun's Mystic   Conj           ###.....     19%         4    N/A
e - Force Lance           Conj/Tloc      ##......     45%         4    N/A

Your spell library contained the following spells:

 Spells                   Type           Power        Failure   Level  Hunger
 Fulminant Prism          Conj/Hex       ##........   45%         4    N/A

Dungeon Overview and Level Annotations

Branches:
Dungeon (5/15)
 Temple: D:4-7

Altars:
Fedhas


Innate Abilities, Weirdness & Mutations

You do not eat or drink.
Your flesh is vulnerable to fire.
You are immune to poison.
Your flesh is cold resistant. (rC+)
You are immune to negative energy. (rN+++)
You are immune to unholy pain and torment.
You can survive without breathing.


Message History

The orb of energy misses the centaur.
The centaur shoots an arrow.
The arrow hits you.
Casting: Iskenderun's Mystic Blast (slightly dangerous; 19% risk of failure)
Confirm with . or Enter, or press ? or * to list all spells.
Aiming: Searing Ray (safe; 2% risk of failure)
Press: ? - help, Shift-Dir - straight line, f/p - centaur
Aim: a centaur, wielding a +0 shortbow (moderately wounded)
The searing ray hits the centaur.
The centaur is heavily wounded. (Press . to maintain the ray.)
The centaur shoots an arrow.
The arrow hits you!
The searing ray hits the centaur.
The centaur is severely wounded.
The centaur shoots an arrow.
The arrow hits you.
The centaur shoots an arrow.
The arrow hits you!
* * * LOW HITPOINT WARNING * * *
The searing ray hits the centaur.
The centaur is almost dead.
The centaur shoots an arrow.
The arrow hits you!
You die...

##..## #######
##..## #.....#
##..## #.....#
##..## #....##
##..## ##....#
##..## ##....##
##..## ##.((..##
##..####.......##
#.....@.#####..##
##.....### #....##
*********#...c###
#.##..##
*,,...........#
#......#
*,,...##......#
**#..PP.(#
,,*****#####..#*
#...PPPP.# ,**
#...#* *#.#PPcPP.#
,*
##...#*#.,#P.P.P(#
**
*......,,,P.PPP.#


You could see a centaur.

Vanquished Creatures
  Menkaure (D:4)
  A sky beast (D:5)
  2 scorpions (D:4)
  A howler monkey (D:4)
  A bullfrog skeleton (D:4)
  A centaur skeleton (D:4)
  A worker ant (D:4)
  A hound skeleton (D:4)
  4 adders
  2 oozes
  2 dart slugs (D:1)
  4 leopard geckos
  6 orcs
  7 bats
  2 giant cockroaches (D:2)
  4 goblins
  6 hobgoblins
  2 jackals (D:2)
  5 kobolds
  A quokka (D:2)
  2 frilled lizards (D:2)
  A leopard gecko skeleton (D:4)
  2 quokka skeletons (D:4)
  21 rats
80 creatures vanquished.

Notes
Turn   | Place    | Note
-------+----------+-------------------------------------------
     0 | D:1      | poirepourri the Mummy Conjurer began the quest for the Orb.
     0 | D:1      | Reached XP level 1. HP: 13/13 MP: 4/4
    32 | D:1      | Reached skill level 3 in Spellcasting
   183 | D:1      | Reached XP level 2. HP: 15/19 MP: 0/6
   391 | D:1      | Reached skill level 4 in Spellcasting
   593 | D:1      | Learned a level 2 spell: Searing Ray
   824 | D:1      | Reached XP level 3. HP: 24/24 MP: 2/8
  1286 | D:1      | Learned a level 3 spell: Dazzling Spray
  1542 | D:2      | Reached skill level 5 in Spellcasting
  2371 | D:3      | Reached XP level 4. HP: 30/30 MP: 11/11
  2969 | D:4      | Reached skill level 6 in Spellcasting
  2969 | D:4      | Reached XP level 5. HP: 29/35 MP: 14/14
  3078 | D:4      | Learned a level 4 spell: Iskenderun's Mystic Blast
  3083 | D:4      | Learned a level 4 spell: Force Lance
  3190 | D:4      | Reached skill level 7 in Spellcasting
  3431 | D:4      | Noticed Menkaure
  3437 | D:4      | Killed Menkaure
  3437 | D:4      | Reached XP level 6. HP: 41/41 MP: 10/16
  4233 | D:5      | Entered Level 5 of the Dungeon
  4323 | D:5      | Noticed a sky beast
  4329 | D:5      | Killed a sky beast
  4329 | D:5      | Reached skill level 5 in Conjurations
  4329 | D:5      | Reached XP level 7. HP: 46/46 MP: 10/17
  4386 | D:5      | Found a blossoming altar of Fedhas.
  4581 | D:5      | Shot with an arrow by a centaur

Skill      XL: |  1  2  3  4  5  6 |
---------------+-------------------+-----
Spellcasting   | 3 4 5 6 7 |  7.4
Conjurations   | 4 5 |  5.3
Dodging        | |  1.5
Stealth        | |  1.5

Action                   |  1- 3 |  4- 6 |  7- 9 || total
-------------------------+-------+-------+-------++-------
Melee: Short sword       |    15 |       |       ||    15
       Unarmed           |     3 |       |       ||     3
 Cast: Magic Dart        |   122 |    22 |       ||   144
       Searing Ray       |     3 |    22 |     2 ||    27
       Iskenderun's Myst |       |     7 |     3 ||    10
  Use: Scroll            |     5 |     1 |     1 ||     7
Armor: Robe              |    24 |       |       ||    24
       Leather armour    |       |     5 |       ||     5
Dodge: Dodged            |    53 |    16 |     2 ||    71
